Map: Altitude LE

Players

oktopica

  • Race: Protoss Protoss
  • Spawn Location: 1:00

grillbottom - Winner!

  • Race: Terran Terran
  • League: Silver
  • Spawn Location: 7:00

VOD

Have the link to the VOD?

Description

Please dont watch it thanks bye

Time

  • Played on: March 3, 2023, 8:15 a.m.
  • Length: 7:50
Show
View Real Time Build Order
Export as new Build Order

oktopica Protoss 

Build Orders:  

Get SALT Encoding   

  12  0:01  Probe  
  13  0:13  Probe  
  14  0:19  Pylon  
  14  0:28  Pylon  
  14  0:33  Assimilator  
  14  0:35  Probe  
  15  0:48  Gateway  
  15  0:51  Probe  
  16  1:06  Probe  
  17  1:18  Probe  
  17  1:25  Forge  
  18  1:27  Pylon  
  18  1:35  Pylon  
  18  1:40  Probe  
  18  1:43  Zealot  
  21  2:12  Nexus  
  21  2:18  Probe  
  22  2:30  Probe  
  23  2:40  Zealot  
  23  2:42  Probe  
  26  3:05  Probe  
  27  3:14  Gateway  
  27  3:16  Protoss Ground Weapons Level 1  
  27  3:17  Probe  
  28  3:23  Cybernetics Core  
  28  3:28  Probe  
  28  3:29  Probe  
  30  3:36  Pylon  
  30  3:40  Pylon, Probe  
  31  3:41  Probe  
  32  3:48  Assimilator  
  32  3:53  Probe x2  
  34  3:58  Zealot  
  34  4:00  Warp Gate  
  36  4:05  Probe  
  36  4:06  Probe  
  38  4:17  Probe  
  38  4:18  Pylon, Probe  
  40  4:25  Assimilator  
  40  4:29  Assimilator, Probe  
  41  4:33  Pylon  
  41  4:37  Zealot  
  43  4:39  Zealot  
  46  4:56  Probe  
  46  4:58  Probe  
  47  5:04  Stalker  
  47  5:06  Stalker  
  51  5:08  Probe  
  51  5:12  Gateway  
  52  5:25  Photon Cannon  
  52  5:30  Photon Cannon  
  52  5:33  Shield Battery  
  52  5:34  Adept  
  52  5:36  Adept  
  46  5:50  Photon Cannon  
  38  6:04  Sentry  
  21  6:28  Zealot  
  12  6:44  Probe  
Show
View Real Time Build Order
Export as new Build Order

grillbottom Terran - Winner!

Build Orders:  

Get SALT Encoding   

  12  0:00  SCV  
  13  0:16  Supply Depot  
  13  0:17  SCV  
  14  0:30  SCV  
  15  0:39  Barracks  
  15  0:42  SCV  
  16  0:50  Refinery  
  16  0:54  SCV  
  17  1:06  SCV  
  18  1:18  SCV  
  19  1:26  Marine  
  19  1:30  Orbital Command  
  20  1:55  Command Center  
  20  2:06  Barracks  
  20  2:09  Barracks  
  20  2:20  Barracks Reactor  
  20  2:23  Supply Depot  
  21  2:30  SCV  
  21  2:42  SCV  
  22  2:54  SCV  
  22  2:58  Barracks Tech Lab  
  23  2:59  Marine x2  
  23  3:04  Barracks Tech Lab  
  25  3:06  Supply Depot  
  25  3:10  Supply Depot  
  25  3:14  Engineering Bay  
  25  3:18  SCV  
  26  3:21  Marine x2  
  26  3:22  Marauder  
  26  3:27  Stimpack  
  30  3:30  SCV  
  31  3:34  Concussive Shells  
  31  3:38  Marauder  
  31  3:40  Marine  
  34  3:42  Marine  
  34  3:45  SCV  
  34  3:47  SCV  
  37  3:49  Marine  
  38  3:58  Marine, SCV  
  38  3:59  SCV  
  41  4:04  Marine  
  41  4:06  Terran Infantry Weapons Level 1  
  42  4:10  SCV  
  42  4:11  Marauder, SCV  
  46  4:18  Marine x2  
  48  4:24  SCV x2  
  48  4:25  Marine  
  51  4:31  Combat Shield  
  51  4:32  Marine  
  52  4:43  SCV x2  
  52  4:44  Marine x3  
  52  4:45  Supply Depot  
  57  4:49  Marine  
  58  4:55  SCV x2, Refinery  
  58  4:59  Refinery  
  60  5:02  Marine x2  
  60  5:07  Marine x2, SCV  
  62  5:08  SCV  
  62  5:09  Supply Depot  
  66  5:19  SCV  
  66  5:20  Marine x2  
  69  5:24  Marine  
  70  5:30  SCV  
  70  5:34  Supply Depot  
  70  5:35  Supply Depot  
  68  5:53  Marine x3  
  68  5:54  Marine  
  72  6:01  Barracks  
  72  6:02  Barracks  
  72  6:04  Barracks  
  72  6:05  Barracks  
  72  6:10  Factory  
  72  6:11  Marine x4  
  75  6:23  SCV x2  
  76  6:29  Marine x4  
  80  6:47  Marine x5  
  85  6:55  Marine x2, Starport  
  85  6:56  Marine  
  88  7:02  Supply Depot  
  88  7:03  Supply Depot  
  88  7:04  Marine  
  88  7:05  Marine x4  
  93  7:13  Marine  
  94  7:22  Marine x3  
  96  7:23  Marine x4  
  96  7:25  Supply Depot  
  96  7:26  Supply Depot  
  101  7:31  Marine  
  102  7:39  Command Center  
Tags
 
League
Silver
Matchup
PvT
Spawn Locations
Cross Positions
Add a new tag
Caveats
  • Supply blocks, unpowered buildings, or Contaminate may cause inaccurate times.
  • Supply counts are checked every 10 seconds.